 Dungeon Crawl Stone Soup version 0.27.1-34-g3ba077fa99 (webtiles) character file.

Game seed: 3195048977241318714

32 unlimited1921 the Magician (level 3, -3/25 HPs)
             Began as a Djinni Fire Elementalist on Jan 21, 2022.
             Slain by Sigmund (10 damage)
             ... on level 2 of the Dungeon.
             The game lasted 00:05:52 (2259 turns).

unlimited1921 the Magician (DjFE)                   Turns: 2259, Time: 00:05:52

Health: -3/25      AC:  2    Str:  7    XL:     3   Next: 42%
Gold:   21         EV: 12    Int: 17    God:
                   SH:  0    Dex: 13

rFire    + + .     SeeInvis .   b - +0 hand axe
rCold    x . .     Faith    .   (no shield)
rNeg     . . .     Spirit   .   a - +0 robe
rPois    ∞         Reflect  .   (no helmet)
rElec    .         Harm     .   (no cloak)
rCorr    .         Rampage  .   (no gloves)
Will     .....                  (boots unavailable)
Stlth    +.........             (no amulet)
HPRegen  0.08/turn              (no ring)
MPRegen  0.00/turn              (no ring)

@: confused, flying
A: sickness immunity, fire resistance 2, cold vulnerability 1, float, innate
caster, hp casting, extra vitality 1
a: no special abilities


You were on level 2 of the Dungeon.
You visited 1 branch of the dungeon, and saw 2 of its levels.

You collected 21 gold pieces.

Inventory:

Hand Weapons
 b - a +0 hand axe (weapon)
 e - a +0 dagger
 g - a +0 short sword
Missiles
 f - 4 stones
Armour
 a - a +0 robe (worn)
Scrolls
 c - a scroll of holy word {unknown}
 d - a scroll of magic mapping {unknown}
 h - a scroll of identify {unknown}
 i - a scroll of teleportation {unknown}


   Skills:
 * Level 0.2 Fighting
 * Level 2.5 Dodging
 + Level 1.8 Stealth
 * Level 3.1 Spellcasting


You couldn't memorise any spells.
You knew the following spells:

 Your Spells              Type           Power      Damage    Failure   Level
a - Foxfire               Conj/Fire      52%        2x1d6     4%          1
b - Conjure Flame         Conj/Fire      13%        6-21      14%         3
c - Inner Flame           Hex/Fire       13%        N/A       14%         3
d - Sticky Flame          Conj/Fire      13%        2d4       43%         4
e - Fireball              Conj/Fire      6%         3d5       80%         5
f - Corona                Hex            14%        N/A       4%          1
Your spell library was empty.

Dungeon Overview and Level Annotations

Branches:
Dungeon (2/15)

Altars:

Shops:
D:1 [

Annotations:
D:2 Sigmund


Innate Abilities, Weirdness & Mutations

You are immune to sickness and miasma.
You are immune to poison.
Your flesh is very heat resistant. (rF++)
You are vulnerable to cold. (rC-)
You float through the air rather than walking.
You learn spells naturally, not from books.
Your magical power is your life essence.
You have superior vitality. (+4 HP)


Message History

Found a hunting sling and a scroll labelled GOADOI KOJIKKIAMU.
Found a stone staircase leading down.
Sigmund closely misses you.
Casting: Foxfire (safe; 4% risk of failure)
Confirm with . or Enter, or press ? or * to list all spells.
You conjure some foxfire!
Casting: Foxfire (safe; 4% risk of failure)
Confirm with . or Enter, or press ? or * to list all spells.
You conjure some foxfire!
Sigmund flickers, as though insubstantial.
Sigmund hits you from afar with a +0 scythe.
Casting: Foxfire (safe; 4% risk of failure)
Confirm with . or Enter, or press ? or * to list all spells.
You conjure some foxfire!
The foxfire hits Sigmund.
Sigmund is lightly wounded.
The foxfire hits Sigmund.
Sigmund is moderately wounded.
A dart slug comes into view.
Sigmund hits you from afar with a +0 scythe!
Ouch! That really hurt!
* * * LOW HITPOINT WARNING * * *
Your foxfire dissipates!
Your foxfire dissipates!
Casting: Foxfire (safe; 4% risk of failure)
Confirm with . or Enter, or press ? or * to list all spells.
You conjure some foxfire!
* * * LOW HITPOINT WARNING * * *
The foxfire hits Sigmund but does no damage.
Sigmund is moderately wounded.
Sigmund casts a spell at you.
You are confused.
You bump into the rock wall.
The foxfire hits Sigmund.
Sigmund is heavily wounded.
Sigmund gestures at you while chanting.
You are more confused.
You are too confused!
Unknown command.
You bump into the rock wall.
You bump into the rock wall.
Sigmund hits you from afar with a +0 scythe!
You die...

###....... ..#.# . .........
.....# .. ##.......
......##..### #######........
....§.. #....###....###.......
......>.####..................
.w.:..........................
.......#######.........#......
.......@.##..@.........##.....
##.....#..#@##################
......@##...# ......? #####
....... ....... ......# .....#


You could see Sigmund.

Vanquished Creatures
  A dart slug (D:1)
  3 ball pythons (D:1)
  6 endoplasms (D:1)
  2 giant cockroaches (D:1)
  2 goblins (D:1)
  2 hobgoblins (D:1)
  2 jackals (D:1)
  2 kobolds (D:1)
  A quokka (D:1)
  2 bats (D:1)
  2 frilled lizards (D:1)
25 creatures vanquished.

Vanquished Creatures (others)
  85 foxfires
85 creatures vanquished.

Grand Total: 110 creatures vanquished

Notes
Turn   | Place    | Note
-------+----------+-------------------------------------------
     0 | D:1      | unlimited1921 the Djinni Fire Elementalist began the quest
                  | for the Orb.
     0 | D:1      | Reached XP level 1. HP: 15/15 MP: 0/0
   412 | D:1      | Reached XP level 2. HP: 18/21 MP: 0/0
   860 | D:1      | Reached skill level 3 in Spellcasting
  1274 | D:1      | Reached XP level 3. HP: 21/25 MP: 0/0
  1274 | D:1      | Learned a level 1 spell: Corona
  1875 | D:1      | Found Kyicyl's Armour Shoppe.
  2246 | D:2      | Noticed Sigmund
  2259 | D:2      | Slain by Sigmund

Illustrated notes

Levels and vault maps discovered:
D:1:      dpeg_arrival_three_bigger_balls, layout_basic, serial_shops,
          nicolae_square_shop
D:2:      layout_rooms, chequers_ecumenical_altar_twisty, st_stairs_13,
          minmay_misc_feat_columns, uniq_sigmund, uniq_jessica, uniq_terence

Skill      XL: |  1  2 |
---------------+-------+-----
Spellcasting   | 3 |  3.1
Fighting       | |  0.2
Dodging        | |  2.5
Stealth        | |  1.8

Action                   || total
-------------------------++-------
 Cast: Foxfire           ||    54
Dodge: Dodged            ||    10
